 Dungeon Crawl Stone Soup version 0.29.1-2-gbd0b4ee654 (webtiles) character file.

Game seed: 14409215664276351325

173 safid the Shooter (level 5, 0/48 HPs)
             Began as a Minotaur Hunter on Oct 31, 2022.
             Slain by an orc
             ... wielding a +0 war axe
              (9 damage)
             ... on level 3 of the Dungeon.
             The game lasted 00:03:43 (1986 turns).

safid the Shooter (Minotaur Hunter)                 Turns: 1986, Time: 00:03:44

Health: 0/48       AC:  3    Str: 22    XL:     5   Next: 28%
Magic:  4/4        EV: 12    Int:  6    God:
Gold:   60         SH:  0    Dex: 15    Spells: 4/4 levels left

rFire   . . .      SeeInvis .   a - +0 shortbow
rCold   . . .      Faith    .   (shield currently unavailable)
rNeg    . . .      Spirit   .   c - +0 leather armour
rPois   .          Reflect  .   (helmet restricted)
rElec   .          Harm     .   (no cloak)
rCorr   .          Rampage  .   (no gloves)
Will    +....                   (no boots)
Stlth   +.........              (no amulet)
HPRegen 0.16/turn               h - ring of willpower
MPRegen 0.09/turn               q - +6 ring of strength

@: no status effects
A: horns 2, retaliatory headbutt
a: no special abilities


You were on level 3 of the Dungeon.
You visited 1 branch of the dungeon, and saw 3 of its levels.

You collected 60 gold pieces.

Inventory:

Hand Weapons
 a - a +0 shortbow (weapon)
Armour
 c - a +0 leather armour (worn)
Jewellery
 h - a ring of willpower (left hand)
 q - a +6 ring of strength (right hand)
Scrolls
 b - a scroll of immolation
 d - a scroll of acquirement {unknown}
 e - a scroll of enchant armour {unknown}
 g - a scroll of identify {unknown}
 j - a scroll of torment {unknown}
 o - a scroll of noise {unknown}
Potions
 f - 2 potions of flight {unknown}
 i - a potion of cancellation {unknown}
 k - a potion of mutation {unknown}
 l - 2 potions of degeneration {unknown}
 m - a potion of resistance {unknown}
 n - a potion of curing {unknown}
 p - a potion of magic {unknown}


   Skills:
 + Level 5.0 Fighting
 + Level 6.0 Ranged Weapons
 - Level 2.1 Dodging
 - Level 0.7 Stealth


You had 4 spell levels left.
You didn't know any spells.
Your spell library contained the following spells:

 Spells                   Type           Power      Damage    Failure   Level
 Shock                    Conj/Air       0%         1d3       50%         1
 Swiftness                Air            0%         N/A       86%         3
 Airstrike                Air            0%         2d(0-16)  99%         4


Dungeon Overview and Level Annotations

Branches:
Dungeon (3/15)

Altars:
Elyvilon


Innate Abilities, Weirdness & Mutations

You have a pair of horns on your head.
You reflexively headbutt those who attack you in melee.


Message History

Jessica the Apprentice Sorceress comes into view.
She is wielding a +0 dagger and wearing a +2 robe of positive energy.
Jessica shouts!
You hear a shout!
Things that are here:
a +0 club; 5 stones; a kobold corpse Fire: a) +0 shortbow
Press: ? - help, Q - select action Shift-Dir - straight line, f - orc
Aim: an orc, wielding a +0 war axe and wearing a +0 leather armour (64% to hit)
You shoot an arrow. The arrow closely misses the orc.
The arrow hits Jessica.
Jessica is moderately wounded.
Unknown command.
Fire: a) +0 shortbow
Press: ? - help, Q - select action Shift-Dir - straight line, f/p - orc
Aim: an orc, wielding a +0 war axe and wearing a +0 leather armour (64% to hit)
You shoot an arrow. The arrow closely misses the orc.
The arrow barely misses Jessica.
An orc comes into view.
It is wielding a +0 whip and quivering boomerangs of dispersal.
The orc hits you with a +0 war axe.
Fire: a) +0 shortbow
Press: ? - help, Q - select action Shift-Dir - straight line, f/p - orc
Aim: an orc, wielding a +0 war axe and wearing a +0 leather armour (64% to hit)
You shoot an arrow. The arrow hits the orc.
The orc is lightly wounded.
The orc hits you with a +0 war axe.
* * * LOW HITPOINT WARNING * * *
Fire: a) +0 shortbow
Press: ? - help, Q - select action Shift-Dir - straight line, f/p - orc
Aim: an orc, wielding a +0 war axe and wearing a +0 leather armour (lightly wounded, 64% to hit)
You shoot an arrow. The arrow hits the orc.
The orc is severely wounded.
The orc closely misses you.
Fire: a) +0 shortbow
Press: ? - help, Q - select action Shift-Dir - straight line, f/p - orc
Aim: an orc, wielding a +0 war axe and wearing a +0 leather armour (severely wounded, 64% to hit)
You shoot an arrow. The arrow closely misses the orc.
The arrow hits Jessica!
You kill Jessica!
An orc comes into view. It is wielding a +0 short sword.
The orc hits you with a +0 war axe.
* * * LOW HITPOINT WARNING * * *
The orc hits you with a +0 war axe!
You die...

#.###.#).###
.....)))...#
......##.#.#
##.##. #.#.#
# # #.# #
#.# #.# #.#
#@# #o# #)#
... #o# #..
#.# .o.


You could see 3 orcs.

Vanquished Creatures
  Jessica (D:3)
  An orc wizard (D:3)
  7 gnolls
  An adder (D:2)
  2 orcs (D:3)
  9 endoplasms
  3 giant cockroaches
  10 goblins
  4 hobgoblins (D:1)
  11 kobolds
  3 quokkas
  5 ball pythons
  5 bats
  A frilled lizard (D:2)
  8 rats
71 creatures vanquished.

Vanquished Creatures (others)
  7 plants
7 creatures vanquished.

Grand Total: 78 creatures vanquished

Notes
Turn   | Place    | Note
-------+----------+-------------------------------------------
     0 | D:1      | safid the Minotaur Hunter began the quest for the Orb.
     0 | D:1      | Reached XP level 1. HP: 18/18 MP: 0/0
    52 | D:1      | Reached XP level 2. HP: 6/25 MP: 1/1
   590 | D:1      | Reached skill level 5 in Ranged Weapons
   590 | D:1      | Reached XP level 3. HP: 31/31 MP: 2/2
   696 | D:1      | Found a faded altar of an unknown god.
  1227 | D:2      | Reached XP level 4. HP: 40/40 MP: 3/3
  1916 | D:3      | Found a white marble altar of Elyvilon.
  1963 | D:3      | Reached XP level 5. HP: 21/47 MP: 4/4
  1970 | D:3      | Reached skill level 5 in Fighting
  1970 | D:3      | Reached skill level 6 in Ranged Weapons
  1981 | D:3      | Noticed Jessica
  1986 | D:3      | Killed Jessica
  1986 | D:3      | Slain by an orc

Illustrated notes

Levels and vault maps discovered:
D:1:      amcnicky_arrival_flooded_fountain, layout_basic,
          dilly_ecumenical_altar_fadedgnrine, serial_forest,
          infiniplex_forest_lined_3, infiniplex_forest_clump_tiny,
          infiniplex_forest_corner_1, infiniplex_forest_lined_room_3,
          infiniplex_forest_clump_medium, infiniplex_forest_clump_diagonal,
          infiniplex_forest_lined_4_way, infiniplex_forest_zigzag_2,
          infiniplex_forest_split, infiniplex_forest_lined_corner
D:2:      wander_river, layout_basic, serial_bayou_pond_d,
          chequers_serial_rivers_large_b, grunt_decor_fettered,
          dk_noncrumbling_2, grunt_decor_junction
D:3:      layout_loops_ring, elyvilon_altar_5, pdpol_wu_jian_five_deadly_venoms,
          cheibrodos_sewer_entry_bend, serial_shops,
          nicolae_shop_hallway_stairs, uniq_jessica

Skill      XL: |  1  2  3  4  5 |
---------------+----------------+-----
Fighting       | 3 4 5 |  5.0
Ranged Weapons | 5 6 |  6.0
Dodging        | |  2.1
Stealth        | |  0.7

Action                   |  1- 3 |  4- 6 || total
-------------------------+-------+-------++-------
 Fire: Shortbow          |   124 |    56 ||   180
Armor: Leather armour    |    15 |     6 ||    21
Dodge: Dodged            |    32 |    13 ||    45
